AoeStats
← Navix de los Bosques de Lituania

Oasis

509196514Analyzed
3v3 RM · 5d ago on Sep 25, 2026· 11m 1s· 6 players
Game mode
Random Map
Map size
Normal (6 player)
Population
200
Speed
Normal
Resources
Standard
Victory
Conquest
Starting age
Dark Age
Ending age
Imperial Age
RankedLock teamsTeams togetherTeam positionsShared explorationLock speedFull tech treeHidden civsTurbo modeCheats
Victory
Defeat
🇨🇭 Ethiopians · Switzerland
924
+14
🇦🇺 Spanish · Australia
921
+14
🇨🇭 Koreans · Switzerland
912
+14
🇳🇿 Bohemians · New Zealand
944
-16
🇦🇷 Saracens · Argentina
888
-15
810
-11
Navix de los Bosques de Lituania
3:53 Loom
gustavoar
Nekminz
9:18 Loom
11:03 Feudal Age
abdallah.shoukor1997
11:16 Feudal Age
MexMex1768
7:23 Loom
12:33 Feudal Age
ali.k.baajour
11:20 Feudal Age
9:39 Loom
Connection lost

Rejoining the realm…

Still unreachable

The connection could not be restored.

Session expired

The server has moved on; the page needs a fresh start.